 Dungeon Crawl Stone Soup version 0.32-a0-361-g289a535e89 (webtiles) character file.

Game seed: 7716170040606812995

279 greenreed the Chopper (level 6, 0/73 HPs)
             Began as a Coglin Berserker on Feb 19, 2024.
             Was a Believer of Trog.
             Succumbed to Sigmund's poison
             ... on level 2 of the Dungeon.
             The game lasted 00:02:29 (1126 turns).

greenreed the Chopper (Coglin Berserker)            Turns: 1126, Time: 00:02:29

Health: 0/73       AC:  6    Str: 20    XL:     6   Next: 26%
Magic:  6/6        EV: 12    Int:  6    God:    Trog [**....]
Gold:   119        SH:  0    Dex: 13    Spells: 5/5 levels left

rFire   . . .        a - +0 hand axe {Akihito}
rCold   . . .        f - +0 whip {Shu}
rNeg    . . .        b - +0 animal skin
rPois   .            (no helmet)
rElec   .            (no cloak)
rCorr   .            (no gloves)
SInv    .            (no boots)
Will    .....        (no amulet) Stlth
                     g - +4 ring of protection
HPRegen 0.32/turn    (no ring)
MPRegen 0.10/turn

%: no passive effects
@: mighty, berserking (expiring), lethally poisoned (0 -> -3), revving, very
quick
A: off-hand wielding, slow wielding, warmup strikes, warmup strides
a: Renounce Religion, Berserk, Trog's Hand


You were on level 2 of the Dungeon.
You worshipped Trog.
Trog was pleased with you.
You visited 1 branch of the dungeon, and saw 2 of its levels.

You collected 141 gold pieces.
You spent 22 gold pieces at shops.

Inventory:

Hand Weapons
 a - a +0 hand axe (weapon) {Akihito}
 f - a +0 whip (worn) {Shu}
Armour
 b - a +0 animal skin (worn)
Jewellery
 g - a +4 ring of protection (left grasper)
Scrolls
 c - 3 scrolls of identify
 d - a scroll of teleportation {unknown}


   Skills:
 * Level 4.6 Fighting
 * Level 4.6 Axes
 + Level 2.8 Armour
 + Level 2.8 Dodging


You had 5 spell levels left.
You didn't know any spells.
Your spell library was empty.

Dungeon Overview and Level Annotations

Branches:
Dungeon (2/15)

Altars:

Shops:
D:1 ?


Innate Abilities, Weirdness & Mutations

You can wield a second weapon in your off-hand.
It takes a long time for you to wield or remove held weapons.
Your first few attacks do less damage.
Your first movements take longer.


Message History

You hear some strange, mumbled words.
Something tries to affect you, but you resist.
You hit something with your +0 whip.
You barely miss something with your +0 hand axe.
Something hits you!
You are poisoned.
You miss something with your +0 hand axe.
You miss something with your +0 whip.
You feel very sick.
You barely miss something with your +0 whip.
You closely miss something with your +0 hand axe.
You feel sick.
You hear some strange, mumbled words.
A puff of flame appears from out of thin air!
The puff of flame hits you.
* * * LOW HITPOINT WARNING * * *
You completely miss something with your +0 hand axe.
You hit something but do no damage.
You feel sick. Something hits you!
* * * LOW HITPOINT WARNING * * *
You closely miss something with your +0 hand axe.
You whack something with your +0 whip!
* * * LOW HITPOINT WARNING * * *
You feel sick.
You slash something with your +0 hand axe!
Trog accepts your kill.
Trog appreciates your killing of a magic user.
Reactivating autopickup.
You feel a bit more experienced.
* * * LOW HITPOINT WARNING * * *
You feel sick.
You have reached level 6!
* * * LOW HITPOINT WARNING * * *
You feel sick.
You are too berserk!
Okay, then.
You feel a strong urge to attack something.
* * * LOW HITPOINT WARNING * * *
You feel sick.
Items here: ) [[ ††.
You die...

############
##.....).....
############..##########
........).)..##
#####.@)##### ###..#.#
#...##.# ####†####$#
#.........#
#.........######.
...>...............
###.........######.
#.........#


There were no monsters in sight!

Vanquished Creatures
  Sigmund (D:2)
  Robin (D:2)
  3 adders (D:2)
  A dart slug (D:1)
  6 ball pythons
  3 bats
  An endoplasm (D:1)
  A giant cockroach (D:1)
  12 goblins
  6 hobgoblins
  3 quokkas (D:1)
  3 frilled lizards (D:1)
  3 kobolds
  3 rats
47 creatures vanquished.

Notes
Turn   | Place    | Note
-------+----------+-------------------------------------------
     0 | D:1      | greenreed the Coglin Berserker began the quest for the Orb.
     0 | D:1      | Reached XP level 1. HP: 18/18 MP: 1/1
    46 | D:1      | Found a faded altar of an unknown god.
    87 | D:1      | Reached XP level 2. HP: 24/24 MP: 2/2
   215 | D:1      | Found Jamuniti's Magic Scroll Shoppe.
   220 | D:1      | Bought a scroll of identify for 22 gold pieces
   292 | D:1      | Reached XP level 3. HP: 29/29 MP: 3/3
   884 | D:2      | Reached XP level 4. HP: 35/37 MP: 4/4
  1027 | D:2      | Noticed Robin
  1035 | D:2      | Reached ** piety under Trog
  1038 | D:2      | Killed Robin
  1093 | D:2      | Noticed Sigmund
  1109 | D:2      | Reached XP level 5. HP: 35/42 MP: 5/5
  1123 | D:2      | Killed Sigmund
  1123 | D:2      | HP: 3/63 [poisoned by Sigmund]
  1124 | D:2      | Reached XP level 6. HP: 4/49 MP: 6/6
  1125 | D:2      | HP: 1/73 [poisoned by Sigmund]
  1126 | D:2      | Succumbed to Sigmund's poison

Illustrated notes

Levels and vault maps discovered:
D:1:      elethiomel_arrival_quiet, layout_basic,
          dreamdust_ecumenical_altar_angels_and_demons, serial_shops, shop,
          st_stairs_9, minmay_tetromino_i2
D:2:      layout_basic, chequers_arboretum, uniq_sigmund, uniq_robin

Skill      XL: |  1  2  3  4 |
---------------+-------------+-----
Dodging        | 2 |  2.8
Armour         | 2 |  2.8
Fighting       | 4 |  4.6
Axes           | 4 |  4.6

Action                     |  1- 3 |  4- 6 || total
---------------------------+-------+-------++-------
  Melee: Hand axe          |    64 |    32 ||    96
         Whip              |    26 |    24 ||    50
 Invoke: Berserk           |       |     2 ||     2
    Use: Potion            |       |     2 ||     2
   Stab: Sleeping          |       |     1 ||     1
 Armour: Animal skin       |    35 |    27 ||    62
  Dodge: Dodged            |    47 |    13 ||    60

Table legend: (Time is in decaauts)
 A = Elapsed time spent in this place.
 B = Non-inter-level travel time spent in this place.
 C = Inter-level travel time spent in this place.
 D = Time resting spent in this place.
 E = Time spent auto-exploring this place.
 F = Levels seen in this place.
 G = Mean time per level.
                   A        B        C        D        E       F      G
               +--------+--------+--------+--------+--------+-----+--------+
         Total |   1198 |   1179 |     19 |      0 |    900 |   2 |  599.0 |
       Dungeon |   1198 |   1179 |     19 |      0 |    900 |   2 |  599.0 |
               +--------+--------+--------+--------+--------+-----+--------+

Top non-repeatable levels by time:
     D:1: 928 daAuts
     D:2: 269 daAuts
